 Dungeon Crawl Stone Soup version 0.30.1-11-g7821555f0a (webtiles) character file.

Game seed: 2583326799815560970

571 Chiseanne the Ducker (level 7, 15/55 HPs)
             Began as a Demonspawn Wanderer on Nov 17, 2023.
             Quit the game on level 5 of the Dungeon.
             The game lasted 00:04:48 (3419 turns).

Chiseanne the Ducker (Demonspawn Wanderer)          Turns: 3419, Time: 00:04:48

Health: 15/55      AC: 17    Str: 12    XL:     7   Next: 12%
Magic:  7/7        EV: 12    Int: 13    God:
Gold:   187        SH:  0    Dex: 15    Spells: 6/6 levels left

rFire   . . .        s - +1 rapier
rCold   . . .        (no shield)
rNeg    . . .        j - +0 ring mail
rPois   .            n - +2 helmet
rElec   .            c - +0 cloak
rCorr   .            (no gloves)
SInv    .            h - +2 pair of boots
Will    .....        (no amulet)
Stlth   +            o - +4 ring of protection
HPRegen 0.29/turn    (no ring)
MPRegen 0.10/turn

%: no passive effects
@: no status effects
A: foul stench 1, spiny 1, demonic touch 1
a: no special abilities


You were on level 5 of the Dungeon.
You visited 1 branch of the dungeon, and saw 5 of its levels.

You collected 187 gold pieces.

Inventory:

Hand Weapons
 a - a +0 heavy hand axe
 s - a +1 rapier (weapon)
Missiles
 e - 4 javelins
 f - 21 stones
 k - 6 poisoned darts
Armour
 c - a +0 cloak (worn)
 h - a +2 pair of boots (worn)
 j - a +0 ring mail (worn)
 n - a +2 helmet (worn)
Jewellery
 o - a +4 ring of protection (left hand)
Scrolls
 d - a scroll of teleportation
Potions
 b - 2 potions of haste
 g - a potion of cancellation
 i - a potion of flight {unknown}
 l - a potion of lignification {unknown}
 m - a potion of attraction {unknown}
 p - 2 potions of might {unknown}
 q - 5 potions of curing {unknown}
 t - a potion of magic {unknown}


   Skills:
 * Level 4.3 Fighting
 - Level 1.7 Staves
 * Level 3.9 Armour
 * Level 4.8 Dodging
 - Level 3.0 Evocations


You had 6 spell levels left.
You didn't know any spells.
Your spell library contained the following spells:

 Spells                   Type           Power      Damage    Failure   Level
 Dazzling Flash           Conj/Hex       0%         N/A       89%         3
 Gell's Gravitas          Tloc           0%         N/A       89%         3
 Teleport Other           Tloc           0%         N/A       89%         3
 Volatile Blastmotes      Fire/Tloc      0%         2d10      89%         3
 Iskenderun's Mystic Bla  Conj/Tloc      0%         2d3       100%        4
 Dispersal                Tloc           0%         N/A       100%        6
 Starburst                Conj/Fire      0%         6d3       100%        6


Dungeon Overview and Level Annotations

Branches:
Dungeon (5/15)
 Temple: D:4-7

Altars:

Shops:
D:4 (


Innate Abilities, Weirdness & Mutations

You may rarely emit foul miasma when damaged in melee.
You are partially covered in sharp spines.
Your touch may inflict minor irresistible damage on your foes.


Message History

You hit the black bear but do no damage.
The black bear is moderately wounded.
The orc barely misses you.
The black bear bites you but does no damage.
The black bear claws you but does no damage.
The black bear claws you. The orc closely misses you.
You hit the black bear.
The black bear is heavily wounded.
The black bear is struck by your spines.
The black bear bites you but does no damage.
The black bear claws you. The black bear closely misses you.
The orc hits you with a +0 war axe.
You puncture the black bear!
The black bear is almost dead.
The black bear goes berserk!
The orc barely misses you.
You completely miss the black bear.
The black bear is almost dead.
The black bear bites you.
You emit a cloud of foul miasma!
The black bear closely misses you. The black bear claws you.
The orc is struck by your spines. The orc hits you with a +0 war axe.
The black bear is engulfed in dark miasma.
The black bear is poisoned.
The black bear seems to slow down.
The black bear bites you but does no damage.
The black bear claws you but does no damage.
The black bear claws you.
* * * LOW HITPOINT WARNING * * *
You barely miss the black bear.
The black bear is almost dead.
The black bear is no longer moving slowly.
You kill the black bear!
The orc hits you but does no damage.
You have reached level 7!
Your demonic ancestry asserts itself...
Your hands begin to faintly glow with unholy energy.
You barely miss the orc.
You touch the orc.
You kill the orc!
Things that are here:
a +0 war axe; a +0 scale mail; an orc corpse
There is a stone staircase leading up here.
Are you sure you want to abandon this character and quit the game? (Confirm with "yes".)

.........# ...
.........###...
...............
...............
...........:...
...............
............##.
.......@°......
.......)....#..
............+
............#
............#
............+
.......##...#
....... ....
####### .####


There were no monsters in sight!

Vanquished Creatures
  Grinder (D:3)
  A black bear (D:5)
  A scorpion (D:4)
  2 orc priests
  A hound (D:4)
  Robin (D:2)
  3 adders
  A worm (D:2)
  5 dart slugs
  6 orcs
  4 ball pythons
  6 endoplasms
  5 giant cockroaches
  15 goblins
  9 hobgoblins
  6 kobolds
  3 quokkas
  7 bats
  3 frilled lizards
  5 rats (D:1)
85 creatures vanquished.

Notes
Turn   | Place    | Note
-------+----------+-------------------------------------------
     0 | D:1      | Chiseanne the Demonspawn Wanderer began the quest for the
                  | Orb.
     0 | D:1      | Chiseanne set off with the following items: a +0
                  | quarterstaff, a wand of iceblast (4), a +0 cloak, a scroll
                  | of teleportation, a +0 robe.
     0 | D:1      | Reached XP level 1. HP: 15/15 MP: 1/1
   136 | D:1      | Gained mutation: You are partially covered in sharp spines.
                  | [demonic ancestry]
   136 | D:1      | Reached XP level 2. HP: 19/21 MP: 2/2
   750 | D:1      | Reached XP level 3. HP: 27/27 MP: 3/3
  1268 | D:2      | Noticed Robin
  1272 | D:2      | Reached XP level 4. HP: 31/34 MP: 4/4
  1295 | D:2      | Killed Robin
  2093 | D:3      | Noticed Grinder
  2379 | D:3      | Killed Grinder
  2380 | D:3      | Gained mutation: You may rarely emit foul miasma when
                  | damaged in melee. [demonic ancestry]
  2380 | D:3      | Reached XP level 5. HP: 37/41 MP: 5/5
  2380 | D:3      | Reached XP level 6. HP: 42/47 MP: 6/6
  3354 | D:4      | Found Dyesoug's Antique Weapon Shoppe.
  3409 | D:5      | Entered Level 5 of the Dungeon
  3416 | D:5      | Gained mutation: Your touch may inflict minor irresistible
                  | damage on your foes. [demonic ancestry]
  3416 | D:5      | Reached XP level 7. HP: 14/55 MP: 7/7
  3419 | D:5      | Quit the game

Illustrated notes

Levels and vault maps discovered:
D:1:      matt_arrival_los_fun, layout_basic, moated_statue
D:2:      layout_basic, serial_bayou_lagoon_b, uniq_robin
D:3:      layout_loops_corners, minmay_surrounded, uniq_grinder
D:4:      layout_basic, serial_shops, nicolae_shop_real_fake_doors
D:5:      layout_basic, kennysheep_mini_moat

Skill      XL: |  1  2  3  4  5  6 |
---------------+-------------------+-----
Dodging        | 3 4 |  4.8
Fighting       | 2 3 4 |  4.3
Armour         | 2 3 |  3.9
Staves         | |  1.7
Evocations     | |  3.0

Action                     |  1- 3 |  4- 6 |  7- 9 || total
---------------------------+-------+-------+-------++-------
  Melee: Quarterstaff      |    77 |    19 |       ||    96
         Rapier            |       |    88 |     1 ||    89
         Touch             |       |       |     1 ||     1
  Evoke: Wand              |       |     4 |       ||     4
    Use: Scroll            |       |    10 |       ||    10
         Potion            |       |     1 |       ||     1
   Stab: Sleeping          |     2 |       |       ||     2
 Armour: Robe              |    15 |       |       ||    15
         Ring mail         |    13 |    64 |       ||    77
  Dodge: Dodged            |    61 |    66 |       ||   127
